 Dungeon Crawl Stone Soup version 0.28-a0-1510-gd0f6b136d3 (webtiles) character file.

Game seed: 17532581573039522800

9 a3don the Insei (level 2, -2/18 HPs)
             Began as an Octopode Transmuter on Jan 16, 2022.
             Frozen to death by an endoplasm (5 damage)
             ... on level 1 of the Dungeon.
             The game lasted 00:01:01 (329 turns).

a3don the Insei (Octopode Transmuter)                Turns: 329, Time: 00:01:02

Health: -2/18      AC:  1    Str:  9    XL:     2   Next: 16%
Magic:  1/5        EV: 13    Int: 15    God:
Gold:   0          SH:  0    Dex: 12    Spells: 4/5 levels left

rFire   . . .      SeeInvis .     - Unarmed
rCold   . . .      Faith    .   (no shield)
rNeg    . . .      Spirit   .   (helmet currently unavailable)
rPois   .          Reflect  .   (no amulet)
rElec   .          Harm     .   (no ring)
rCorr   .          Rampage  .   (no ring)
Will    .....                   (no ring)
Stlth   ++........              (no ring)
HPRegen 0.06/turn               (no ring)
MPRegen 0.09/turn               (no ring)
                                (no ring)
                                (no ring)

@: appendages, very slightly contaminated
A: tentacle spike 3, almost no armour, amphibious, 8 rings, camouflage 1,
gelatinous body 1, (nimble swimmer 1), tentacles
a: End Transformation


You were on level 1 of the Dungeon.
One of your tentacles had grown a beastly spike.
You visited 1 branch of the dungeon, and saw 1 of its levels.

Inventory:

Potions
 a - a potion of lignification {unknown}


   Skills:
 + Level 1.2 Fighting
 + Level 2.1 Dodging
 * Level 3.1 Unarmed Combat
 + Level 2.1 Spellcasting
 + Level 2.1 Transmutations


You had 4 spell levels left.
You knew the following spells:

 Your Spells              Type           Power      Damage    Failure   Level
a - Beastly Appendage     Tmut           16%        N/A       9%          1

Your spell library contained the following spells:

 Spells                   Type           Power      Damage    Failure   Level
 Wereblood                Tmut           8%         N/A       14%         2
 Spider Form              Tmut/Pois      4%         N/A       38%         3
 Ice Form                 Ice/Tmut       4%         N/A       80%         4


Dungeon Overview and Level Annotations

Branches:
Dungeon (1/15)

Altars:


Innate Abilities, Weirdness & Mutations

One of your tentacles has grown a beastly spike.
You cannot wear most types of armour.
You are amphibious.
You can wear up to eight rings at the same time.
Your skin changes colour to match your surroundings (Stealth+).
Your rubbery body absorbs attacks. (AC +1, EV +1)
((You are camouflaged when in or above water. (Stealth+)))
You have tentacles for arms and can constrict up to eight enemies at once.


Message History

The dart slug launches a dart at you. The slug dart misses you.
A frilled lizard comes into view.
The frilled lizard hisses angrily.
The endoplasm quivers.
You tentacle-slap the dart slug but do no damage.
You grab the dart slug. You constrict the dart slug.
The dart slug barely misses you.
You tentacle-slap the dart slug.
The dart slug is severely wounded.
You constrict the dart slug. You tentacle-slap the dart slug.
You kill the dart slug!
You closely miss the bat. Your grab misses the bat.
The bat hits you but does no damage. The bat closely misses you.
You barely miss the bat. Your grab misses the bat. The bat hits you.
Found a spear.
The bat closely misses you. The endoplasm freezes you.
You are frozen.
You are too injured to fight recklessly!
You are too injured to fight recklessly!
Casting: Beastly Appendage (safe; 9% risk of failure)
Confirm with . or Enter, or press ? or * to list all spells.
You miscast Beastly Appendage.
You are very lightly contaminated with residual magic.
Nothing appears to happen.
The bat closely misses you. The frilled lizard misses you.
The endoplasm hits you.
Casting: Beastly Appendage (safe; 9% risk of failure)
Confirm with . or Enter, or press ? or * to list all spells.
One of your tentacles grows a vicious spike.
The frilled lizard bites you. The bat hits you.
* * * LOW HITPOINT WARNING * * *
The endoplasm hits you.
* * * LOW HITPOINT WARNING * * *
You tentacle-slap the bat.
You kill the bat!
The frilled lizard closely misses you. The endoplasm freezes you.
You are frozen.
You die...

....#.######.##. #.
#............... ######.
#...............
.......##..)#...........
....................>...
........#$.$#...........
........#...#..........#
........#$.............)
......J@†...#..........#
......l†#####......#####
........# #......# #
........# #......# #
###...... ######## #
#...... #.....) #.......


You could see an endoplasm and a frilled lizard.

Vanquished Creatures
  A dart slug (D:1)
  A ball python (D:1)
  2 goblins (D:1)
  A hobgoblin (D:1)
  A quokka (D:1)
  A bat (D:1)
7 creatures vanquished.

Notes
Turn   | Place    | Note
-------+----------+-------------------------------------------
     0 | D:1      | a3don the Octopode Transmuter began the quest for the Orb.
     0 | D:1      | Reached XP level 1. HP: 13/13 MP: 3/3
   315 | D:1      | Reached XP level 2. HP: 13/18 MP: 1/5
   329 | D:1      | Frozen to death by an endoplasm

Illustrated notes

Levels and vault maps discovered:
D:1:      amcnicky_arrival_single_pillar, layout_rooms

Action                   || total
-------------------------++-------
Melee: Unarmed           ||    17
       Constrict         ||     6
       Kick              ||     3
       Punch             ||     1
       Tentacles         ||     1
 Cast: Beastly Appendage ||     5
Armor: Skin              ||     2
Dodge: Dodged            ||    14

Table legend: (Time is in decaauts)
 A = Elapsed time spent in this place.
 B = Non-inter-level travel time spent in this place.
 C = Inter-level travel time spent in this place.
 D = Time resting spent in this place.
 E = Time spent auto-exploring this place.
 F = Levels seen in this place.
 G = Mean time per level.
                   A        B        C        D        E       F      G
               +--------+--------+--------+--------+--------+-----+--------+
         Total |    328 |    328 |      0 |    219 |     60 |   1 |  328.0 |
       Dungeon |    328 |    328 |      0 |    219 |     60 |   1 |  328.0 |
               +--------+--------+--------+--------+--------+-----+--------+

Top non-repeatable levels by time:
     D:1: 328 daAuts
